 Dungeon Crawl Stone Soup version 0.29-a0-541-gaf1fc19f1b (webtiles) character file.

Game seed: 3845355422898115086

974 testman the Cudgeller (level 7, -7/74 HPs)
             Began as a Troll Berserker on June 2, 2022.
             Was a Priest of Trog.
             Mangled by a hornet (10 damage)
             ... on level 5 of the Dungeon.
             The game lasted 00:11:39 (2777 turns).

testman the Cudgeller (Troll Berserker)             Turns: 2777, Time: 00:11:42

Health: -7/74      AC:  6    Str: 34    XL:     7   Next: 95%
Magic:  6/6        EV: 10    Int:  3    God:    Trog [***...]
Gold:   287        SH:  0    Dex:  9    Spells: 6/6 levels left

rFire   . . .      SeeInvis .   x - +0 giant club
rCold   . . .      Faith    .   (shield currently unavailable)
rNeg    . . .      Spirit   .   b - +0 animal skin
rPois   .          Reflect  .   (helmet restricted)
rElec   .          Harm     .   y - +1 cloak
rCorr   .          Rampage  .   (gloves unavailable)
Will    ++...                   (boots unavailable)
Stlth   +.........              (no amulet)
HPRegen 2.02/turn               k - +6 ring of strength
MPRegen 0.10/turn               (no ring)

@: lethally poisoned (-7 -> -8), strong-willed, regenerating, slowed, very slow
A: large, unfitting armour, claws 3, regeneration 1, shaggy fur 1, tough skin 1
a: Renounce Religion, Berserk, Trog's Hand


You were on level 5 of the Dungeon.
You worshipped Trog.
Trog was most pleased with you.
You visited 1 branch of the dungeon, and saw 5 of its levels.

You collected 287 gold pieces.

Inventory:

Hand Weapons
 x - a +0 giant club (weapon)
Missiles
 s - 6 boomerangs
 t - 3 poisoned darts (quivered)
Armour
 b - a +0 animal skin (worn)
 q - a +1 cloak
 y - a +1 cloak (worn)
Jewellery
 k - a +6 ring of strength (left claw)
Wands
 a - a wand of iceblast (5)
 v - a wand of mindburst (21)
Scrolls
 h - a scroll of amnesia {unknown}
 i - a scroll of enchant armour
 j - a scroll of immolation
 n - a scroll of vulnerability {unknown}
 w - a scroll of teleportation {unknown}
 z - a scroll of enchant weapon {unknown}
 B - a scroll of noise {unknown}
Potions
 d - a potion of degeneration {unknown}
 e - a potion of heal wounds {unknown}
 f - a potion of attraction {unknown}
 g - a potion of haste {unknown}
 l - a potion of magic {unknown}
 m - a potion of curing {unknown}
 o - 2 potions of lignification
 p - a potion of might
 r - a potion of ambrosia {unknown}
 u - 4 potions of mutation
 A - a potion of flight {unknown}


   Skills:
 + Level 5.9 Fighting
 + Level 6.5 Maces & Flails
 - Level 2.4 Dodging


You had 6 spell levels left.
You didn't know any spells.
Your spell library was empty.

Dungeon Overview and Level Annotations

Branches:
Dungeon (5/15)
 Temple: D:4-7

Altars:
Hepliaklqana
Yredelemnul


Innate Abilities, Weirdness & Mutations

You are too large for most types of armour.
You have claws for hands.
Your natural rate of healing is unusually fast.
You are covered in fur. (AC +1)
You have tough skin. (AC +1)


Message History

Found 26 stones.
A hornet comes into view.
The hornet buzzes angrily.
You hear a bark!
A hound comes into view.
Found 10 gold pieces.
Found a stone staircase leading down.
The hornet stings you.
You are poisoned.
You feel yourself slow down. The hornet stings you!
You suddenly lose the ability to move!
A gnoll comes into view. It is wielding a +0 whip.
You feel yourself speed up.
You feel sick. The hound bites you but does no damage. The hornet stings you!
You are more poisoned.
You feel yourself slow down. The hound bites you but does no damage.
A gnoll comes into view. It is wielding a +0 halberd.
You feel very sick.
The gnoll shouts! x2
The hornet stings you!
You are more poisoned.
You feel as though you will be slow longer.
The hound bites you but does no damage. The hornet stings you!
You feel as though you will be slow longer.
You can move again.
Your skin crawls.
You feel strong-willed.
You feel extremely sick. The hound closely misses you.
The hornet closely misses you. The hound misses you. The hornet stings you!
* * * LOW HITPOINT WARNING * * *
You feel as though you will be slow longer.
A gnoll comes into view. It is wielding a +0 halberd.
Okay, then.
As you read the scroll labelled NOXUSIQ NESSUPY, it crumbles to dust.
Wisps of shadow whirl around you...
It was a scroll of summoning.
You feel very sick. The hound barely misses you. The hornet stings you.
* * * LOW HITPOINT WARNING * * *
You feel as though you will be slow longer.
The hound closely misses you. The hornet stings you!
You die...

..>...........
.....(......g ............
......?.... .........g
..$...o.g #...hy# ## #@##
.# .... #..### .##.#..
##oo.## .#....# #######
###..##.....#. #.....#
##.......#.. #.....#
##.........
#.....#######........... .
#.....†...........#.......
#....................# ..#


You could see a hornet (ally target), a hound, 3 gnolls and 3 friendly orcs.

Vanquished Creatures
  A black bear (D:4)
  An orc warrior (D:4)
  An ogre (D:4)
  A phantom (D:4)
  2 necrophages (D:5)
  2 scorpions
  2 hounds (D:5)
  2 orc priests (D:4)
  3 iguanas
  6 gnolls
  5 adders
  An ufetubus (D:4)
  3 worms
  2 dart slugs (D:2)
  8 orcs (D:4)
  7 endoplasms
  5 giant cockroaches
  8 goblins
  9 hobgoblins
  4 jackals (D:5)
  5 kobolds
  4 quokkas
  5 ball pythons
  4 bats
  2 frilled lizards
  4 rats
97 creatures vanquished.

Notes
Turn   | Place    | Note
-------+----------+-------------------------------------------
     0 | D:1      | testman the Troll Berserker began the quest for the Orb.
     0 | D:1      | Reached XP level 1. HP: 22/22 MP: 0/0
    80 | D:1      | Reached skill level 3 in Maces & Flails
   125 | D:1      | Reached XP level 2. HP: 29/29 MP: 1/1
   190 | D:1      | Found a faded altar of an unknown god.
   470 | D:2      | Reached ** piety under Trog
   471 | D:2      | Reached XP level 3. HP: 32/37 MP: 2/2
   568 | D:2      | Reached XP level 4. HP: 27/45 MP: 3/3
  1269 | D:3      | Reached skill level 4 in Maces & Flails
  1374 | D:3      | Reached XP level 5. HP: 39/54 MP: 4/4
  1652 | D:3      | Found a basalt altar of Yredelemnul.
  1731 | D:4      | Found a transporter.
  1736 | D:4      | Noticed an orc warrior
  1740 | D:4      | Found a transporter.
  1782 | D:4      | Noticed an ogre
  1832 | D:4      | Killed an ogre
  1876 | D:4      | Found a hazy altar of Hepliaklqana.
  2015 | D:4      | Noticed a black bear
  2017 | D:4      | Reached XP level 6. HP: 62/62 MP: 5/5
  2030 | D:4      | Reached skill level 5 in Maces & Flails
  2242 | D:4      | Reached *** piety under Trog
  2451 | D:4      | Reached skill level 5 in Fighting
  2451 | D:4      | Reached XP level 7. HP: 72/72 MP: 6/6
  2545 | D:5      | Entered Level 5 of the Dungeon
  2572 | D:5      | Reached skill level 6 in Maces & Flails
  2772 | D:5      | Noticed a hornet
  2773 | D:5      | Paralysed by a hornet for 3 turns
  2777 | D:5      | HP: 3/74 [hornet (1)]
  2777 | D:5      | Mangled by a hornet

Illustrated notes

Levels and vault maps discovered:
D:1:      lightli_arrival_quake, layout_basic,
          ebering_ecumenical_altar_sacrificial
D:2:      layout_basic
D:3:      layout_loops_cross, yredelemnul_altar_generic
D:4:      cheibrodos_pilgrimage, layout_basic, gammafunk_temple_overflow_arena
D:5:      layout_rooms, grunt_dithmenos_smoke_and_mirrors

Skill      XL: |  1  2  3  4  5  6  7 |
---------------+----------------------+-----
Maces & Flails | 3 4 5 6 |  6.5
Fighting       | 3 4 5 |  5.9
Dodging        | |  2.4

Action                   |  1- 3 |  4- 6 |  7- 9 || total
-------------------------+-------+-------+-------++-------
Melee: Mace              |    97 |    47 |       ||   144
       Great mace        |       |    60 |       ||    60
       Giant club        |       |    76 |    63 ||   139
Invok: Berserk           |     1 |     2 |     1 ||     4
       Trog's Hand       |       |       |     1 ||     1
  Use: Scroll            |       |     5 |     1 ||     6
       Potion            |       |     1 |     1 ||     2
 Stab: Sleeping          |     1 |       |       ||     1
Armor: Animal skin       |    52 |    88 |    16 ||   156
Dodge: Dodged            |    70 |   121 |    61 ||   252

Table legend: (Time is in decaauts)
 A = Elapsed time spent in this place.
 B = Non-inter-level travel time spent in this place.
 C = Inter-level travel time spent in this place.
 D = Time resting spent in this place.
 E = Time spent auto-exploring this place.
 F = Levels seen in this place.
 G = Mean time per level.
                   A        B        C        D        E       F      G
               +--------+--------+--------+--------+--------+-----+--------+
         Total |   2910 |   2766 |    144 |    144 |   1769 |   5 |  582.0 |
       Dungeon |   2910 |   2766 |    144 |    144 |   1769 |   5 |  582.0 |
               +--------+--------+--------+--------+--------+-----+--------+

Top non-repeatable levels by time:
     D:4: 848 daAuts
     D:3: 734 daAuts
     D:2: 635 daAuts
     D:1: 447 daAuts
     D:5: 245 daAuts
